[Event "17th Delhi GM Open 2019-B"]
[Site "Delhi"]
[Date "2019.01.09"]
[Round "1"]
[White "Smeeru, Thakur"]
[Black "Yung David"]
[Result "1-0"]
[ECO "B40"]
[WhiteElo "1894"]
[BlackElo "1465"]
[Annotator "NA RC"]
[PlyCount "112"]
[EventDate "2019.01.09"]
[EventType "swiss"]
[EventCountry "IND"]
[SourceTitle "playchess.com"]
[Source "ChessBase"]
[SourceQuality "1"]
[TimeControl "3600+30"]

1. e4 e6 2. Nf3 c5 3. g3 Nf6 4. d3 Nc6 5. Bg2 Be7 6. O-O O-O 7. Re1 e5 {[%emt 0:00:00] B40: Sicilian: 2...e6, Unusual lines} (7... d6 8. Nbd2 Bd7 9. c3 Ne5 10. Nxe5 dxe5 11. Nc4 Qc7 12. f4 exf4 13. Bxf4 Qd8 14. a4 Bc6 15. Ne5 Be8 16. a5 Rc8 17. Qb3 {0-1 (51) Ponomariov,R (2714)-Wang,Y (2720) Beijing 2014}) 8. Nbd2 d6 9. Nc4 h6 10. Ne3 Bg4 $146 ({Predecessor:} 10... Re8 11. Nh4 Bf8 12. c4 a6 13. Bd2 b5 14. Bc3 Nd4 15. b3 Rb8 16. Qd2 {0-1 (36) Pranav,A (2106)-Harsha,B (2451) Mumbai 2017}) 11. Nxg4 Nxg4 12. h3 Nf6 13. Nh4 Re8 14. Nf5 Bf8 15. c3 Kh7 16. Qb3 Qc7 17. Bd2 g6 18. Ne3 Nd8 19. Rac1 Ne6 20. Rf1 Rac8 21. f4 exf4 22. gxf4 Bg7 23. Rf2 b5 24. Rcf1 Nf8 25. Bc1 a6 26. Qd1 c4 27. f5 g5 28. d4 N8d7 29. Qc2 Kg8 30. Ng4 Nxg4 31. hxg4 Nf6 32. Bf3 a5 33. Re2 b4 34. Bd2 Qb6 35. Be3 Qb5 36. Bf2 b3 37. axb3 cxb3 38. Qd2 Rc7 39. Bg3 Rd7 40. Rfe1 a4 41. Qc1 Bf8 42. e5 dxe5 43. dxe5 Rde7 44. c4 Qb4 (44... Qa6 $142 45. Bf2 (45. exf6 Rxe2 46. Rxe2 Rxe2 $18) 45... Nd7) 45. exf6 $2 ({Better is} 45. Kg2 $18) 45... Rxe2 46. Rxe2 Rxe2 47. Bxe2 a3 48. bxa3 b2 49. Qb1 Qc3 50. Kg2 Bxa3 51. Qd3 Qxf6 52. Qc2 Qb6 53. Bd3 Qd4 $2 (53... Bc5 54. Be4 Bd4) 54. Qe2 Bc5 55. Qe8+ Bf8 56. Qe4 Qc3 1-0

[Event "17th Delhi GM Open 2019-B"]
[Site "Delhi"]
[Date "2019.01.09"]
[Round "1"]
[White "Sisodia Tejsingh"]
[Black "Avinash, Chandra"]
[Result "0-1"]
[ECO "D38"]
[WhiteElo "1866"]
[BlackElo "1460"]
[Annotator "NA RC"]
[PlyCount "172"]
[EventDate "2019.01.09"]
[EventType "swiss"]
[EventCountry "IND"]
[SourceTitle "playchess.com"]
[Source "ChessBase"]
[SourceQuality "1"]
[TimeControl "3600+30"]

1. d4 d5 2. c4 e6 3. Nc3 Bb4 4. Nf3 Nf6 5. Bg5 h6 6. Bh4 c6 7. Bxf6 {[%emt 0:00:00] D38: Queen's Gambit Declined: Ragozin Defence (4 Nf3 Bb4)} (7. Qb3 a5 8. e3 Nbd7 9. cxd5 exd5 10. Bd3 O-O 11. O-O Re8 12. Rac1 Nf8 13. Ne5 g5 14. Bg3 Nh5 {0-1 (49) Kaspi,A (2434)-Bortnyk,O (2585) Jerusalem 2016}) 7... Qxf6 8. e3 Nd7 9. a3 Bxc3+ 10. bxc3 e5 $146 ({Predecessor:} 10... c5 11. cxd5 exd5 12. Be2 c4 13. Qc2 a5 14. O-O O-O {1-0 (55) Da Silva,A (1503)-Flesch,G (1202) Curitiba 2017}) 11. cxd5 cxd5 12. dxe5 Nxe5 13. Nxe5 Qxe5 14. Bb5+ Ke7 15. Qb3 Rd8 16. O-O Kf8 17. Rad1 Be6 18. Rd4 Rac8 19. Rfd1 Qc7 20. Rc1 Kg8 21. h3 Rd6 22. Be2 Rc6 23. Bf3 Rxc3 24. Rxc3 Qxc3 25. Qb4 Qxb4 26. axb4 Rc4 27. b5 Rxd4 28. exd4 Kf8 29. Kf1 Ke7 30. Ke1 Kd6 31. Kd2 Kc7 32. Kc3 Kb6 33. Kb4 f6 34. h4 g5 35. hxg5 hxg5 36. g3 Bd7 37. Bxd5 $2 (37. Be2 $17) 37... Bxb5 38. Ba2 a5+ 39. Kc3 Kc7 40. d5 Kd6 41. Kd4 Bd7 42. f4 gxf4 43. gxf4 b5 44. Bb3 Be8 45. Bc2 a4 46. Be4 Bf7 47. Bd3 Bxd5 $2 (47... a3 48. Kc3 b4+ 49. Kc2 Kxd5) 48. Bxb5 a3 49. Kc3 Kc5 50. Bd3 a2 51. Kb2 Kd4 52. Bf5 (52. Bc2 $17) 52... Ke3 53. Bg6 Kf3 54. f5 Kf4 $2 55. Bh7 $1 Kg5 56. Bg6 Bg8 57. Ka1 Kf4 58. Kb2 {[%emt 0:00:36] [#]} Bd5 (58... Bb3 $1 $17 59. Ka1 (59. Kxb3 a1=Q) 59... Kg5) 59. Bh7 Be4 60. Kxa2 Bxf5 61. Kb2 $2 (61. Bg8 $15) 61... Ke3 62. Bg8 Bd3 63. Be6 Kd4 64. Kc1 Ke5 65. Bc8 Bf5 66. Bb7 Be6 67. Kd2 Kf4 68. Ke2 Kg3 69. Kf1 (69. Be4 $1 $11) 69... f5 70. Bc6 f4 71. Be4 Bg4 72. Kg1 Bf3 73. Bf5 $2 (73. Bg6 $17) 73... Bc6 74. Bd3 {[%emt 0:00:42] [#]} f3 $1 75. Kf1 Bd7 76. Ke1 Bg4 77. Bc4 f2+ 78. Kd2 Kh2 79. Ke3 Kg1 80. Kd2 Kh2 81. Ke3 Kg1 82. Bd3 Bh3 83. Kf3 Bf1 84. Bf5 Bc4 85. Bh3 Be6 86. Bg2 Bf7 0-1

[Event "17th Delhi GM Open 2019-B"]
[Site "Delhi"]
[Date "2019.01.09"]
[Round "1"]
[White "Chittari Abhishek Varma"]
[Black "Daaksh Jain"]
[Result "1-0"]
[ECO "A80"]
[WhiteElo "1855"]
[BlackElo "1458"]
[Annotator "NA RC"]
[PlyCount "64"]
[EventDate "2019.01.09"]
[EventType "swiss"]
[EventCountry "IND"]
[SourceTitle "playchess.com"]
[Source "ChessBase"]
[SourceQuality "1"]
[TimeControl "3600+30"]

1. d4 f5 2. Bg5 d6 3. Nc3 h6 4. Bc1 Nf6 5. e4 Nc6 6. d5 Ne5 7. f4 Nf7 8. Bb5+ Bd7 9. exf5 Bxb5 10. Nxb5 Qd7 11. Qd3 Nxd5 12. c4 Nb4 13. Qb3 c5 14. a3 Nc6 15. Nf3 O-O-O 16. O-O Qxf5 17. Qa4 a6 18. Nc3 Qd7 19. Nd5 Kb8 20. b4 Nd4 21. Qd1 e6 22. Ne3 Nxf3+ 23. Qxf3 g5 24. Bb2 Rg8 25. Rfd1 Qc7 26. f5 exf5 27. Bf6 Be7 28. Nd5 Qd7 29. Bxe7 Ne5 30. Qb3 Rde8 31. Bf6 Ng4 32. h3 Ne5 1-0

[Event "17th Delhi GM Open 2019-B"]
[Site "Delhi"]
[Date "2019.01.09"]
[Round "1"]
[White "Mohan, Singh Dewat"]
[Black "Koustav Chakraborty"]
[Result "0-1"]
[ECO "D60"]
[WhiteElo "1465"]
[BlackElo "1898"]
[Annotator "NA RC"]
[PlyCount "92"]
[EventDate "2019.01.09"]
[EventType "swiss"]
[EventCountry "IND"]
[SourceTitle "playchess.com"]
[Source "ChessBase"]
[SourceQuality "1"]
[TimeControl "3600+30"]

1. d4 d5 2. c4 e6 3. Nf3 Nf6 4. Bg5 Nbd7 5. e3 Be7 6. Nc3 O-O 7. Bd3 c6 8. O-O dxc4 9. Bxc4 Nd5 10. Bxe7 Qxe7 11. e4 N5b6 12. Bb3 e5 13. Rc1 {[%emt 0:00:00] D60: Queen's Gambit Declined: Classical: Unusual White 7th moves} (13. Qe2 exd4 14. Nxd4 Nc5 15. Bc2 Be6 16. Rfe1 Rad8 17. Rad1 g6 18. h3 Qg5 19. b4 Bc4 20. Qg4 Qxg4 21. hxg4 {1-0 (44) Khalifman,A (2617)-Burchardt,B (2182) Hersonissos 2017}) 13... Rd8 14. d5 Nc5 15. Bc2 $146 ({Predecessor:} 15. Re1 Bg4 16. h3 Nxb3 17. axb3 Bh5 18. Na4 Nxa4 19. bxa4 cxd5 20. exd5 {0-1 (68) Carrero,J-Nayes,F Bratislava 1993}) 15... Bg4 16. h3 Bh5 17. g4 Bg6 18. Qe2 cxd5 19. exd5 e4 20. Rcd1 Re8 21. Rfe1 Rad8 22. Nd4 Qh4 23. Kh2 Nxd5 24. Nxd5 Rxd5 25. Nf5 Rxf5 26. gxf5 Qf4+ 27. Kg2 Qxf5 28. Qg4 Qe5 29. Rb1 Ne6 30. Qg3 Nf4+ 31. Kh2 h5 32. Re3 Qf6 33. h4 Nd5 34. Ree1 {[%emt 0:00:45] [#]} (34. Re2 $17) 34... Nb4 $1 35. Bb3 (35. Rbc1 {was necessary.}) 35... Nd3 36. Rf1 Ne5 37. Kg2 Nf3 38. Rh1 e3 39. Qxf3 Be4 40. Qxe4 Rxe4 (40... Qxf2+ $142 41. Kh3 Rxe4 42. Bxf7+ Kxf7 43. Rh2 Rxh4#) 41. f3 Rxh4 42. Rxh4 Qxh4 43. Rd1 Qf2+ 44. Kh1 Qxf3+ 45. Kg1 e2 46. Rd8+ Kh7 0-1

[Event "17th Delhi GM Open 2019-B"]
[Site "Delhi"]
[Date "2019.01.09"]
[Round "1"]
[White "Anjishnu Mondal"]
[Black "Farzad, Khusraw"]
[Result "0-1"]
[ECO "B84"]
[WhiteElo "1464"]
[BlackElo "1877"]
[Annotator "NA RC"]
[PlyCount "88"]
[EventDate "2019.01.09"]
[EventType "swiss"]
[EventCountry "IND"]
[SourceTitle "playchess.com"]
[Source "ChessBase"]
[SourceQuality "1"]
[TimeControl "3600+30"]

1. e4 c5 2. Nf3 d6 3. d4 cxd4 4. Nxd4 Nf6 5. Nc3 a6 6. Be3 Ng4 7. Bc1 Nf6 8. Be2 e6 9. Be3 Be7 10. O-O b5 11. a3 Bb7 12. f3 O-O 13. Qe1 Nbd7 14. Rd1 Qc7 15. Qg3 Ne5 16. f4 Nc4 17. Bxc4 Qxc4 18. e5 dxe5 19. fxe5 Ne4 20. Nxe4 Bxe4 21. Bh6 Bg6 22. Be3 Rad8 23. c3 Rd5 24. Kh1 Rfd8 25. Bg5 Bxg5 26. Qxg5 f6 27. Qc1 Rxe5 28. b3 Qc8 29. Qb2 Red5 30. Rc1 e5 31. Nf3 Qb7 32. b4 Bd3 33. Rfd1 Bc4 34. Re1 Rd3 35. Qf2 Qc6 36. Re3 R3d6 37. Rce1 Bd5 38. Qg3 Bxf3 39. gxf3 Rd1 40. Qg1 R1d3 41. Rc1 Qb6 42. Rce1 Rxe3 43. Rxe3 Rd2 44. Qe1 Qd6 0-1

[Event "17th Delhi GM Open 2019-B"]
[Site "Delhi"]
[Date "2019.01.09"]
[Round "1"]
[White "Varshita Jain"]
[Black "Heikrujam Jacky Singh"]
[Result "0-1"]
[ECO "B40"]
[WhiteElo "1461"]
[BlackElo "1870"]
[Annotator "NA RC"]
[PlyCount "50"]
[EventDate "2019.01.09"]
[EventType "swiss"]
[EventCountry "IND"]
[SourceTitle "playchess.com"]
[Source "ChessBase"]
[SourceQuality "1"]
[TimeControl "3600+30"]

1. e4 c5 2. Nf3 e6 3. d4 cxd4 4. Nxd4 Bc5 5. Nb3 Bb6 6. Be2 Ne7 7. Nc3 O-O 8. O-O f5 9. Bg5 Nbc6 10. exf5 Rxf5 11. Bh4 d5 12. Bg4 Rf8 13. Qe2 Qd7 14. Rae1 Nf5 15. Bg3 Nxg3 16. hxg3 Rf6 17. Rd1 Qf7 18. Na4 Bc7 19. Nac5 b6 20. Nd3 e5 21. f4 Bxg4 22. Qxg4 Rf8 23. Rde1 b5 24. f5 Bb6+ 25. Nbc5 e4 0-1

[Event "17th Delhi GM Open 2019-B"]
[Site "Delhi"]
[Date "2019.01.09"]
[Round "1"]
[White "Apoorv Kamble"]
[Black "Chudasama Ankit"]
[Result "1-0"]
[ECO "B20"]
[WhiteElo "1458"]
[BlackElo "1856"]
[Annotator "NA RC"]
[PlyCount "93"]
[EventDate "2019.01.09"]
[EventType "swiss"]
[EventCountry "IND"]
[SourceTitle "playchess.com"]
[Source "ChessBase"]
[SourceQuality "1"]
[TimeControl "3600+30"]

1. e4 c5 2. b3 g6 {[%emt 0:00:00] B20: Sicilian: Unusual White 2nd moves} 3. Bb2 Nf6 4. e5 Nd5 5. Bc4 (5. Qf3 Nb4 6. Na3 Bg7 7. e6 f6 8. c3 N4c6 9. Qe3 dxe6 10. Qxc5 {½-½ (41) Morozevich,A (2665)-Andreikin,D (2712) Moscow 2018}) 5... Nb6 6. Qf3 Nxc4 7. bxc4 Bg7 $146 ({Predecessor:} 7... e6 8. Nc3 Bg7 9. Ne4 O-O 10. Ne2 {½-½ (49) Doell,D (2109)-Gauer,J (1974) Dresden 2010}) 8. Qe2 O-O 9. f4 Nc6 10. Nf3 d6 11. d3 Bg4 12. Nbd2 Nb4 13. O-O Nxc2 14. Rac1 Nb4 15. a3 Nc6 16. h3 Bxf3 17. Nxf3 dxe5 18. Nxe5 Nd4 19. Qe4 f5 20. Qe3 Qd6 21. Rfe1 Rac8 22. Bxd4 cxd4 23. Qd2 Rc7 24. Qb4 Qxb4 25. axb4 Rd8 26. Ra1 a6 27. c5 Bf6 28. g3 Rd5 29. Nc4 Kf7 30. Re2 Rd8 31. Rae1 h5 32. h4 Rd5 33. Kf2 Rd8 34. Kf3 Rc6 {[%emt 0:00:16] [#]} (34... Rb8 $1 $11) 35. Na5 $1 Rc7 36. Re6 Rdd7 37. Rb6 Bg7 38. Ree6 Bf6 39. Ke2 $18 Ke8 40. Kd2 Kf7 41. Kc2 Rd5 42. Nxb7 a5 43. Nxa5 Ra7 44. Kb3 Rxa5 45. bxa5 Rxc5 46. a6 Rc3+ 47. Kb4 1-0